 Dungeon Crawl Stone Soup version 0.30.1-11-g7821555f0a (webtiles) character file.

Game seed: 546798203729448332

102 eliilek the Cudgeller (level 4, 0/41 HPs)
             Began as a Minotaur Fighter on Oct 29, 2023.
             Slain by a gnoll
             ... wielding a +0 whip
              (2 damage)
             ... on level 2 of the Dungeon.
             The game lasted 00:01:04 (287 turns).

eliilek the Cudgeller (Minotaur Fighter)             Turns: 287, Time: 00:01:05

Health: 0/41       AC:  8    Str: 23    XL:     4   Next: 49%
Magic:  3/3        EV:  9    Int:  5    God:
Gold:   13         SH:  4    Dex:  9    Spells: 3/3 levels left

rFire   . . .        a - +0 flail
rCold   . . .        c - +0 buckler
rNeg    . . .        b - +0 scale mail
rPois   .            (helmet restricted)
rElec   .            d - +0 cloak
rCorr   .            (no gloves)
SInv    .            (no boots)
Will    .....        (no amulet) Stlth
                     (no ring)
HPRegen 0.26/turn    (no ring)
MPRegen 0.08/turn

%: no passive effects
@: slowed, very slow
A: horns 2, retaliatory headbutt
a: no special abilities


You were on level 2 of the Dungeon.
You visited 1 branch of the dungeon, and saw 2 of its levels.

You collected 13 gold pieces.

Inventory:

Hand Weapons
 a - a +0 flail (weapon)
Armour
 b - a +0 scale mail (worn)
 c - a +0 buckler (worn)
 d - a +0 cloak (worn)
Scrolls
 g - a scroll of immolation {unknown}
 h - a scroll of teleportation {unknown}
 i - a scroll of enchant weapon {unknown}
Potions
 e - a potion of brilliance {unknown}
 f - 2 potions of curing {unknown}
 j - a potion of lignification {unknown}
 k - a potion of degeneration {unknown}


   Skills:
 + Level 4.7 Fighting
 * Level 4.8 Maces & Flails
 - Level 3.7 Armour
 - Level 3.7 Shields


You had 3 spell levels left.
You didn't know any spells.
Your spell library was empty.

Dungeon Overview and Level Annotations

Branches:
Dungeon (1/15)

Altars:

Annotations:
D:2 Natasha


Innate Abilities, Weirdness & Mutations

You have a pair of horns on your head.
You reflexively headbutt those who attack you in melee.


Message History

You block the gnoll's attack.
The dart slug bites you but does no damage.
You block the quokka's attack.
You sock the dart slug!
You kill the dart slug!
You feel a little less mighty now.
The quokka bites you but does no damage.
The gnoll hits you but does no damage. The gnoll hits you with a +0 club.
* * * LOW HITPOINT WARNING * * *
The gnoll hits you but does no damage. The quokka bites you.
* * * LOW HITPOINT WARNING * * *
The gnoll hits you but does no damage. The gnoll closely misses you.
The rat barely misses you. The gnoll barely misses you.
You hit the gnoll but do no damage. You headbutt the gnoll!
The gnoll is heavily wounded.
The quokka bites you but does no damage.
The gnoll hits you but does no damage. The gnoll barely misses you.
The gnoll hits you but does no damage. The rat barely misses you.
The quokka bites you.
* * * LOW HITPOINT WARNING * * *
The gnoll hits you but does no damage. You block the rat's attack.
The gnoll hits you with a +0 club.
* * * LOW HITPOINT WARNING * * *
The gnoll closely misses you. You furiously retaliate!
You headbutt the gnoll. You sock the gnoll!
You kill the gnoll!
The quokka closely misses you. You furiously retaliate!
You headbutt the quokka!
You kill the quokka!
The gnoll hits you but does no damage. The gnoll hits you with a +0 whip.
* * * LOW HITPOINT WARNING * * *
The rat closely misses you.
You barely miss the gnoll.
The gnoll is moderately wounded.
The gnoll hits you but does no damage. The gnoll barely misses you.
The rat bites you but does no damage.
Natasha, Servant of Life and Death comes into view.
The rat bites you but does no damage. You block the gnoll's attack.
The gnoll hits you with a +0 whip.
You die...

#. ... #.#####.# ####
........###...#
................
............. .#
..!........###.#
......)g...#..[#
.....gr@...#...#
......#).(.#...#
......#....#...#
...............#
.......#..##...#
.......#.###...########
h .#####.##...........#
#................#
#.##.............#


You could see Natasha, 2 gnolls and a rat.

Vanquished Creatures
  Crazy Yiuf (D:2)
  Natasha (D:2)
  An adder (D:2)
  2 gnolls (D:2)
  2 worms (D:2)
  A dart slug (D:2)
  A goblin (D:1)
  A hobgoblin (D:2)
  2 quokkas
  3 frilled lizards
  A kobold (D:2)
  2 rats (D:2)
18 creatures vanquished.

Notes
Turn   | Place    | Note
-------+----------+-------------------------------------------
     0 | D:1      | eliilek the Minotaur Fighter began the quest for the Orb.
     0 | D:1      | Reached XP level 1. HP: 19/19 MP: 0/0
    74 | D:1      | You fall into a shaft and drop 1 floor!
   103 | D:2      | Reached XP level 2. HP: 27/27 MP: 1/1
   212 | D:2      | Found a runed translucent door.
   213 | D:2      | Noticed Crazy Yiuf
   221 | D:2      | Killed Crazy Yiuf
   222 | D:2      | Reached XP level 3. HP: 33/34 MP: 2/2
   276 | D:2      | Noticed Natasha
   282 | D:2      | Killed Natasha
   283 | D:2      | Reached XP level 4. HP: 20/41 MP: 3/3
   286 | D:2      | HP: 2/41 [gnoll/+0 whip (3)]
   287 | D:2      | Noticed Natasha
   287 | D:2      | Slain by a gnoll

Illustrated notes

Levels and vault maps discovered:
D:1:      evilmike_arrival_hilbert_curve, layout_basic
D:2:      layout_basic, uniq_natasha, uniq_crazy_yiuf_cottage

Skill      XL: |  1  2 |
---------------+-------+-----
Maces & Flails | 3 4 |  4.8
Fighting       | 4 |  4.7
Armour         | |  3.7
Shields        | |  3.7

Action                     |  1- 3 |  4- 6 || total
---------------------------+-------+-------++-------
  Melee: Flail             |    35 |     5 ||    40
         Headbutt          |     7 |     1 ||     8
    Use: Potion            |     1 |       ||     1
 Armour: Scale mail        |    13 |    16 ||    29
  Dodge: Dodged            |    12 |    13 ||    25
  Block: Buckler           |    12 |     4 ||    16
